 Dungeon Crawl Stone Soup version 0.22-a0-166-g5351223 (webtiles) character file.

7 zero the Vexing (level 1, -2/7 HPs)
             Began as a Felid Enchanter on Feb 13, 2018.
             Hit by a stone thrown by a kobold (3 damage)
             ... on level 1 of the Dungeon.
             The game lasted 00:01:20 (677 turns).

zero the Vexing (Felid Enchanter)                    Turns: 677, Time: 00:01:21

Health: -2/7       AC:  1    Str:  4    XL:     1   Next: 91%
Magic:  3/4        EV: 18    Int: 16    God:
Gold:   21         SH:  0    Dex: 16    Spells: 3/4 levels left
                                        Lives:  0   Deaths: 0

rFire    . . .     SeeInvis +     - Unarmed
rCold    . . .     Gourm    .   (shield unavailable)
rNeg     . . .     Faith    .   (armour unavailable)
rPois    .         Spirit   .   (helmet unavailable)
rElec    .         Reflect  .   (cloak unavailable)
rCorr    .         Harm     .   (gloves unavailable)
MR       .....                  (boots unavailable)
Stlth    +++.......             (no amulet)
HPRegen  0.02/turn              (no ring)
MPRegen  0.09/turn              (no ring)

@: quick
A: very small, no armour, no weapons or thrown items, stealth, claws 1, fangs 3,
see invisible, carnivore, speed 1, shaggy fur 1, slow metabolism 1, sharp paws
a: no special abilities


You were on level 1 of the Dungeon.
You were not hungry.

You visited 1 branch of the dungeon, and saw 1 of its levels.

You collected 21 gold pieces.

Inventory:

Scrolls
 d - 2 scrolls of identify {unknown}
Potions
 c - a potion of curing {unknown}
Books
 a - a book of Maledictions

   Spells                             Type                      Level
   a - Corona                         Hexes                        1
   b - Ensorcelled Hibernation        Hexes/Ice                    2
   c - Confuse                        Hexes                        3
   d - Tukima's Dance                 Hexes                        3
   e - Dazzling Spray                 Conjuration/Hexes            3
Comestibles
 b - 2 rations


   Skills:
 - Level 2.7 Dodging
 + Level 4.3 Stealth
 + Level 1.4 Unarmed Combat
 - Level 2.0 Spellcasting
 - Level 4.4 Hexes


You had 3 spell levels left.
You knew the following spells:

 Your Spells              Type           Power        Failure   Level  Hunger
a - Corona                Hex            ###....      3%          1    #......


Dungeon Overview and Level Annotations

Branches:
Dungeon (1/15)

Altars:


Innate Abilities, Weirdness & Mutations

You cannot wear armour.
You are incapable of wielding weapons or throwing items.
Your paws allow you to move quietly. (Stealth)
You have sharp claws.
You have razor-sharp teeth.
You have supernaturally acute eyesight. (SInv)
You are carnivorous and can eat meat at any time.
You cover ground quickly.
You are covered in fur. (AC +1)
You have a slow metabolism.
Your sharp claws are effective at attacking unaware monsters.


Message History

Press: ? - help, Shift-Dir - straight line, f - leopard gecko
Aim: a leopard gecko (chance to defeat MR: 69%)
The leopard gecko is outlined in light.
The giant cockroach closely misses you.
The leopard gecko completely misses you.
The giant cockroach closely misses you.
You scratch the leopard gecko.
The leopard gecko is moderately wounded.
The leopard gecko completely misses you.
You barely miss the leopard gecko. You bite the leopard gecko.
The leopard gecko is heavily wounded.
The leopard gecko bites you.
Ouch! That really hurt!
* * * LOW HITPOINT WARNING * * *
The leopard gecko barely misses you.
You scratch the leopard gecko but do no damage.
The leopard gecko is heavily wounded.
The leopard gecko misses you.
The leopard gecko stops glowing.
The kobold throws a stone.
The stone hits you.
You die...

≈## ....###.#.#............
≈≈≈ ... #...###.........###
≈## .. #.###.......#.#....
.. #.# ##......#.#.... . #
.. #.# #......#.##### ## ..
#. #.# #......#.. .. .. #.
#.####.....######## #
#.##.###.#................
...........@.....###########
###..#K###l####.......# #
........s.....#.......######
.....#.###.##.#.............
... #. #.##.#.#.^...###### .
#. #.#....+........... #.
#.#..###.....###### ..
#.#..# ###......... ..
#.#.## #.########


You could see a leopard gecko, a giant cockroach and a kobold.

Vanquished Creatures
  A giant cockroach (D:1)
  A goblin (D:1)
  A hobgoblin (D:1)
  2 kobolds (D:1)
  A rat (D:1)
6 creatures vanquished.

Notes
Turn   | Place    | Note
-------+----------+-------------------------------------------
     0 | D:1      | zero the Felid Enchanter began the quest for the Orb.
     0 | D:1      | Reached XP level 1. HP: 7/7 MP: 4/4
   677 | D:1      | Hit by a stone thrown by a kobold

Vault maps used:
D:1:      eino_arrival_water_cross, minmay_misc_feat_pillars,
          nrook_mini_backslash

Action                   || total
-------------------------++-------
Melee: Unarmed           ||    20
       Bite              ||     2
 Cast: Corona            ||     1
 Stab: Sleeping          ||     4
Armor: Skin              ||     1
Dodge: Dodged            ||    20

Table legend:
 A = Spawn XP
 B = Non-spawn XP
 C = Spawn XP percentage of total XP
 D = Spawn monster count
 E = Non-spawn monster count
 F = Spawn count percentage of total count
 G = Total turns spent on level
                    A         B        C        D         E        F      G
               +---------+---------+-------+---------+---------+-------+---------
         Total |       0 |      11 |   0.0 |       0 |       6 |   0.0 |   677
               +---------+---------+-------+---------+---------+-------+---------
           D:1 |       0 |      11 |   0.0 |       0 |       6 |   0.0 |   677
               +---------+---------+-------+---------+---------+-------+---------
